 Dungeon Crawl Stone Soup version 0.30-a0-374-g95c0257040 (webtiles) character file.

Game seed: 13328033193661626186

139104 KennySheep the Destroyer (level 16, -11/134 HPs)
             Began as a Demigod Conjurer on Nov 24, 2022.
             Killed from afar by a merfolk aquamancer (36 damage)
             ... with a torrent of water
             ... on level 2 of the Shoals on Nov 25, 2022.
             The game lasted 02:05:32 (33630 turns).

KennySheep the Destroyer (Demigod Conjurer)        Turns: 33630, Time: 02:05:32

Health: -11/134    AC: 12    Str:  6    XL:     16   Next: 22%
Magic:  56/62      EV: 15    Int: 40    God:
Gold:   1133       SH:  3    Dex: 12    Spells: 8/35 levels left

rFire   . . .      SeeInvis +    a - staff of conjuration
rCold   + . .      Faith    .    x - +0 buckler {rC+}
rNeg    . . .      Spirit   .    X - +2 robe {Archmagi}
rPois   .          Reflect  .    s - +2 hat {SInv}
rElec   .          Harm     .    p - +1 cloak
rCorr   +          Rampage  .    i - +0 pair of gloves
Will    +....      Archmagi +    u - +2 pair of boots of Pandemonium {rCorr MP+9}
Stlth   ++........               N - amulet of magic regeneration
HPRegen 0.42/turn                F - ring of magical power
MPRegen 0.78/turn                v - ring of magical power

@: no status effects
A: high MP 1, forlorn, divine attributes, weak 1
a: no special abilities


You were on level 2 of the Shoals.
You visited 5 branches of the dungeon, and saw 27 of its levels.
You also visited: Ice Cave.

You collected 2399 gold pieces.
You spent 1266 gold pieces at shops.

Inventory:

Missiles
 m - a throwing net
Armour
 i - a +0 pair of gloves (worn)
 p - a +1 cloak (worn)
 s - a +2 hat of see invisible (worn)
 u - the +2 pair of boots of Pandemonium (worn) {rCorr MP+9}
   (You acquired it on level 3 of the Lair of Beasts)

   MP:        It affects your magic capacity (+9).
   rCorr:     It protects you from acid and corrosion.
 x - a +0 buckler of cold resistance (worn)
 X - a +2 robe of the Archmagi (worn)
Magical Staves
 a - a staff of conjuration (weapon)
Jewellery
 v - a ring of magical power (right hand)
 F - a ring of magical power (left hand)
 I - a ring of protection from cold
 N - an amulet of magic regeneration (around neck)
 V - an amulet of the acrobat
Wands
 j - a wand of flame (4)
 y - a wand of iceblast (13)
 z - a wand of paralysis (35)
 E - a wand of polymorph (8)
 H - a wand of acid (16)
 J - a wand of digging (20)
 Y - a wand of mindburst (9)
Scrolls
 f - 6 scrolls of poison
 g - 7 scrolls of enchant weapon
 h - 2 scrolls of enchant armour
 l - 7 scrolls of teleportation
 n - 4 scrolls of silence
 o - 11 scrolls of identify
 q - 6 scrolls of vulnerability
 w - 2 scrolls of fear
 C - 4 scrolls of amnesia
 D - a scroll of immolation
 G - 2 scrolls of butterflies
 L - 2 scrolls of summoning
 O - 3 scrolls of blinking
 T - a scroll of torment
Potions
 b - 4 potions of magic
 c - 3 potions of lignification
 d - 9 potions of curing
 e - 6 potions of brilliance
 k - a potion of flight
 r - 6 potions of berserk rage
 t - 3 potions of invisibility
 A - 4 potions of mutation
 B - 4 potions of attraction
 K - 2 potions of resistance
 M - 3 potions of heal wounds
 P - a potion of degeneration
 Q - a potion of cancellation {unknown}
 R - 2 potions of haste
 S - 5 potions of might
 Z - a potion of ambrosia


   Skills:
 + Level 10.0 Fighting
 + Level 4.3 Staves
 + Level 10.0 Dodging
 - Level 1.7 Stealth
 + Level 10.3 Spellcasting
 + Level 14.9 Conjurations
 - Level 7.6 Hexes
 * Level 7.6 Summonings
 - Level 10.4 Translocations
 + Level 8.2 Evocations


You had 8 spell levels left.
You knew the following spells:

 Your Spells              Type           Power      Damage    Failure   Level
a - Iskenderun's Battles  Conj           100%       2d15      1%          5
b - Magic Dart            Conj           100%       1d8       0%          1
c - Iskenderun's Mystic   Conj/Tloc      100%       2d19      1%          4
d - Fulminant Prism       Conj/Hex       64%        3d26      1%          4
e - Spellforged Servitor  Conj/Summ      64%        N/A       19%         7
f - Iron Shot             Conj/Erth      55%        9d10      17%         6

Your spell library contained the following spells:

 Spells                   Type           Power      Damage    Failure   Level
 Searing Ray              Conj           100%       2d8       0%          2
 Ensorcelled Hibernation  Hex/Ice        100%       N/A       1%          2
 Call Canine Familiar     Summ           89%        N/A       1%          3
 Dazzling Flash           Conj/Hex       100%       N/A       1%          3
 Hailstorm                Conj/Ice       100%       3d20      1%          3
 Portal Projectile        Hex/Tloc       100%       N/A       1%          3
 Flame Wave               Conj/Fire      100%       2d21      1%          4
 Freeze                   Ice            100%       1d10      2%          1
 Scorch                   Fire           62%        2d8       3%          2
 Wereblood                Tmut           31%        N/A       3%          2
 Anguish                  Hex/Necr       33%        N/A       4%          4
 Leda's Liquefaction      Hex/Erth       33%        N/A       4%          4
 Frozen Ramparts          Ice            62%        1d10      7%          3
 Ignite Poison            Fire/Tmut/Pois 31%        N/A       7%          3
 Spider Form              Tmut/Pois      31%        N/A       7%          3
 Yara's Violent Unravell  Hex/Tmut       33%        3d14      14%         5
 Summon Cactus Giant      Summ           44%        N/A       16%         6
 Statue Form              Tmut/Erth      20%        N/A       98%         6
 Borgnjor's Revivificati  Necr           15%        N/A       100%        8
 Necromutation            Tmut/Necr      15%        N/A       100%        8
 Death's Door             Necr           15%        N/A       100%        9


Dungeon Overview and Level Annotations

Branches:
Dungeon (15/15)            Temple (0/1) D:6            Lair (5/5) D:9
 Shoals (2/4) Lair:2        Snake (3/4) Lair:3        Slime (0/5) Lair:4
    Orc (2/2) D:10            Elf (0/3) Orc:2        Vaults (0/5) D:13
 Depths (0/4) D:15          IceCv (visited)

Shops:
D:5 !   D:8 [   D:13 !   Orc:2 =???([(*!   Shoals:1 ?   Snake:1 :=:

Annotations:
D:4 Dowan, Duvessa
Shoals:2 2 transporters, Heluore's ghost, adept DsGl


Innate Abilities, Weirdness & Mutations

You have an increased reservoir of magic. (+10% MP)
You shall have no god before yourself.
Your divine heritage dramatically boosts your attributes as you level up.
You are weak. (Str -2)


Message History

Press: ? - help, Dir - move target
As you read the scroll of blinking, it crumbles to dust.
Splash!
You fall into the shallow water.
Moving in this stuff is going to be slow.
The merfolk aquamancer mumbles some strange words.
The merfolk aquamancer blinks!
The sentinel's mark upon you fades away.
Splash!
You fall into the shallow water.
Moving in this stuff is going to be slow.
The merfolk aquamancer mumbles some strange words.
The merfolk aquamancer blinks!
A merfolk aquamancer comes into view. It is wielding a +0 rapier.
The merfolk aquamancer gestures wildly while chanting.
The merfolk aquamancer blinks!
The merfolk aquamancer mumbles some strange words.
The merfolk aquamancer blinks!
Casting: Iskenderun's Mystic Blast (safe; 1% risk of failure)
Confirm with . or Enter, or press ? or * to list all spells.
You feel a strong surge of power!
You erupt in a blast of force!
The mystic blast hits the plant!!
The plant begins to die.
The plant is lightly damaged.
The mystic blast hits the merfolk aquamancer.
The merfolk aquamancer is heavily wounded.
The merfolk aquamancer is knocked back by the mystic blast.
The mystic blast hits the plant!
The plant begins to die.
The plant is lightly damaged.
The merfolk aquamancer points at you and mumbles some strange words.
The shard of ice misses you.
The shard of ice hits the plant!!!
The merfolk aquamancer gestures at you while chanting.
The shard of ice hits you!! You partially resist.
* * * LOW HITPOINT WARNING * * *
Blink to where?
Press: ? - help, Dir - move target
As you read the scroll of blinking, it crumbles to dust.
A nearby plant withers and dies.
The merfolk aquamancer points at you and mumbles some strange words.
The torrent of water hits you!!!
You die...

...~........~~÷~^~.......~..#.~≈≈
...~~~).....~~~~~~§P....>..##.~~≈
...(~~~~~~~.~m~m~~.......~...~~~≈
...~~~~~~~)~..~≈~~..[..P.~~~~~~~~
...~~~~)<.~~.~~~~P~~P...~~~~~~~~~
...~~~~....~~÷.~~~PP~P~~~~~~~≈≈~~
..~~~~~..~~~~~~~~~~~~~~~~~≈≈≈≈≈~~
..~~~~~~~~~)~÷~~~~~PPP~~≈≈≈≈≈≈≈~~
...~~~~~~~~~~~~~@~~≈~~~~≈≈≈≈≈≈~~~
...~~~~~~~~~~~~~~~~P~~~~≈≈~~~~~~~
##..~~~~~~~~~~~~~~≈~~~~~~~~.~~...
#..~~~~~~≈≈≈≈≈≈≈≈≈~~~~~~~~~~.###
~~~~≈≈≈≈≈≈~~~~~≈≈≈≈~~~~~.###
≈~~~~~≈≈≈~~~~~≈≈≈≈~~~~...#.
~~~~≈≈~~~..~≈≈≈≈~~~.....|
~~~~~~~...~≈≈≈~~...~~...
.≈≈≈≈≈.~~.~~..~


You could see 2 merfolk aquamancers.

Vanquished Creatures
  Jorgrun (D:14)
  Gastronok (Lair:3)
  A nagaraja (Snake:2)
  An orc warlord (Orc:1)
  A stone giant (D:15)
  Azrael (D:12)
  The ghost of jfcaron the Destroyer, a journeyman GrRe of Gozag (Lair:5)
  5 hydras
  Fannar (D:12)
  4 anacondas
  Erolcha (D:12)
  A salamander tyrant (Snake:2)
  3 centaur warriors
  6 catoblepae
  A merfolk avatar (Shoals:1)
  3 boulder beetles
  7 death yaks (Lair:5)
  A naga warrior (Snake:2)
  7 two-headed ogres
  5 orc high priests (Orc:2)
  A shock serpent (Snake:2)
  3 tengu warriors
  3 naga sharpshooters (Snake:2)
  Urug (Lair:1)
  2 soul eaters (D:11)
  A salamander mystic (Snake:2)
  14 skeletal warriors
  10 sea snakes
  3 naga ritualists
  A bog body (IceCv)
  A glowing orange brain (D:13)
  4 orc knights
  2 spriggan simulacra (IceCv)
  Pikel (D:5)
  6 deep elf pyromancers
  An obsidian statue (IceCv)
  11 harpies
  4 mana vipers
  An orc sorcerer (Orc:1)
  5 manticores
  3 ugly things
  7 fauns (Shoals:2)
  4 cyclopes
  11 salamanders
  A merfolk siren (Shoals:2)
  9 elephants
  An ice statue (Shoals:1)
  A naga mage (Snake:2)
  2 water nymphs (Shoals:2)
  20 black mambas
  A gargoyle (D:10)
  7 cane toads
  2 unseen horrors
  5 ice devils
  9 komodo dragons
  2 rime drakes
  An anaconda simulacrum (IceCv)
  11 freezing wraiths (IceCv)
  Psyche (D:8)
  A tengu conjurer (D:13)
  5 trolls
  3 meliai (D:14)
  2 polar bears
  3 wind drakes
  A hornet (D:9)
  8 merfolk
  13 blink frogs
  2 culicivoras (shapeshifter)
  4 snapping turtles
  2 water elementals
  2 shadows
  41 yaks
  A wraith (D:11)
  5 wyverns
  2 fire elementals (D:12)
  4 basilisks
  2 vampires
  15 humans
  2 neqoxecs (D:11)
  A chaos spawn (D:11)
  5 minotaur simulacra (IceCv)
  A redback (shapeshifter) (D:13)
  12 vampire mosquitoes
  A steam dragon (D:7)
  10 nagas
  Menkaure (D:5)
  9 wargs
  An acid dragon (D:8)
  A hydra simulacrum (IceCv)
  16 water moccasins
  4 hell hounds (D:12)
  An ice beast (D:6)
  A sky beast (D:8)
  2 ettin simulacra (IceCv)
  10 orc warriors
  A black bear (D:8)
  5 ogres
  4 boggarts (D:15)
  9 centaurs
  34 wolves
  A lemure (D:5)
  A phantom (D:4)
  A kobold brigand (D:6)
  8 bullfrogs
  3 deep troll simulacra (IceCv)
  3 necrophages
  A scorpion (D:6)
  4 wights (D:7)
  2 lindwurm simulacra (IceCv)
  3 electric eels
  2 jellies
  A gnoll bouda (D:6)
  33 orc priests
  5 hounds
  Jessica (D:2)
  2 iguanas (D:6)
  Ijyb (D:4)
  7 orc wizards
  2 adders
  3 gnolls (D:6)
  A river rat (shapeshifter) (D:13)
  A shadow imp (D:7)
  4 white imps
  An ufetubus (D:5)
  3 dart slugs
  61 orcs
  8 endoplasms
  3 giant cockroaches
  7 goblins
  4 hobgoblins
  2 quokkas (D:2)
  8 ball pythons
  3 bats
  2 frilled lizards
  3 kobolds
  11 rats
678 creatures vanquished.

Vanquished Creatures (collateral kills)
  Roxanne (Snake:2)
  2 reapers (IceCv)
  A merfolk impaler (Shoals:2)
  A merfolk avatar (Shoals:2)
  A sea snake (Shoals:2)
  2 fauns (Shoals:2)
  2 merfolk (Shoals:2)
  A bullfrog (Lair:2)
11 creatures vanquished.

Vanquished Creatures (others)
  A deep elf pyromancer (D:13)
  A human (D:13)
  6 demonic plants (D:11)
  77 fulminant prisms
  18 fungi
  70 plants
173 creatures vanquished.

Grand Total: 862 creatures vanquished

Notes
Turn   | Place    | Note
-------+----------+-------------------------------------------
     0 | D:1      | KennySheep the Demigod Conjurer began the quest for the
                  | Orb.
     0 | D:1      | Reached XP level 1. HP: 14/14 MP: 5/5
   418 | D:1      | Reached XP level 2. HP: 20/20 MP: 5/7
   421 | D:1      | Learned a level 2 spell: Searing Ray
   440 | D:1      | Reached skill level 1 in Translocations
   885 | D:1      | Reached skill level 4 in Conjurations
  1387 | D:2      | Reached XP level 3. HP: 26/26 MP: 5/8
  1481 | D:2      | Noticed Jessica
  1485 | D:2      | Killed Jessica
  2768 | D:3      | Reached XP level 4. HP: 33/33 MP: 6/10
  2774 | D:3      | Learned a level 4 spell: Iskenderun's Mystic Blast
  3309 | D:4      | Noticed Ijyb
  3325 | D:4      | Killed Ijyb
  3440 | D:4      | Reached XP level 5. HP: 38/38 MP: 11/11
  3467 | D:4      | Reached skill level 5 in Conjurations
  3669 | D:4      | Noticed Duvessa
  3670 | D:4      | Noticed Dowan
  3728 | D:5      | Entered Level 5 of the Dungeon
  3731 | D:5      | Noticed Pikel
  3760 | D:5      | Killed Pikel
  3761 | D:5      | Reached XP level 6. HP: 35/45 MP: 8/14
  3761 | D:5      | Reached XP level 7. HP: 39/50 MP: 8/15
  3887 | D:5      | Reached skill level 6 in Conjurations
  4074 | D:5      | Noticed Menkaure
  4081 | D:5      | Killed Menkaure
  4082 | D:5      | Reached skill level 5 in Translocations
  4214 | D:5      | Identified the +4 ring mail of Quantum Leap {rN+++ Regen+
                  | Str-3 Int-5}
  4709 | D:5      | Found Yssiow's Distillery.
  5124 | D:5      | Bought a potion of brilliance for 52 gold pieces
  5124 | D:5      | Bought a potion of magic for 104 gold pieces
  5187 | D:6      | Noticed a wyvern
  5193 | D:6      | Killed a wyvern
  5194 | D:6      | Reached XP level 8. HP: 57/57 MP: 17/17
  5355 | D:6      | Found a staircase to the Ecumenical Temple.
  5595 | D:6      | Reached skill level 7 in Conjurations
  5952 | D:6      | Reached skill level 8 in Conjurations
  6131 | D:6      | Reached XP level 9. HP: 62/62 MP: 16/19
  6603 | D:7      | Identified the +2 leather armour "Huarizei" {Harm +Inv
                  | rElec Str+3}
  6660 | D:7      | Identified the +5 leather armour of the Sunfish {rPois
                  | rF++}
  6673 | D:7      | Reached skill level 1 in Fighting
  6673 | D:7      | Reached skill level 5 in Spellcasting
  7643 | D:8      | Found Muedie's Antique Armour Emporium.
  7765 | D:8      | Noticed Psyche
  7773 | D:8      | Killed Psyche
  7841 | D:8      | Reached skill level 9 in Conjurations
  8470 | D:9      | Found a staircase to the Lair.
  8689 | D:9      | Noticed a two-headed ogre
  8696 | D:9      | Learned a level 4 spell: Fulminant Prism
  8702 | D:9      | Killed a two-headed ogre
  8703 | D:9      | Reached XP level 10. HP: 77/77 MP: 15/22
  9411 | D:10     | Entered Level 10 of the Dungeon
  9462 | D:10     | Reached skill level 1 in Hexes
  9932 | D:10     | Noticed a two-headed ogre
  9941 | D:10     | Killed a two-headed ogre
 10274 | D:10     | Found a staircase to the Orcish Mines.
 10313 | D:10     | Reached skill level 10 in Conjurations
 10753 | D:11     | Noticed a two-headed ogre
 10760 | D:11     | Killed a two-headed ogre
 10761 | D:11     | Reached XP level 11. HP: 84/84 MP: 24/24
 10893 | D:11     | Noticed a soul eater
 10905 | D:11     | Killed a soul eater
 11195 | D:11     | Noticed a two-headed ogre
 11200 | D:11     | Killed a two-headed ogre
 11475 | D:11     | Noticed a soul eater
 11499 | D:11     | Killed a soul eater
 11500 | D:11     | Reached skill level 5 in Dodging
 11906 | D:12     | Noticed Fannar
 11914 | D:12     | Killed Fannar
 11926 | D:12     | Reached skill level 10 in Translocations
 12162 | D:12     | Noticed Azrael
 12167 | D:12     | Reached skill level 5 in Fighting
 12169 | D:12     | Killed Azrael
 12209 | D:12     | Noticed a two-headed ogre
 12217 | D:12     | Killed a two-headed ogre
 12218 | D:12     | Reached skill level 11 in Conjurations
 12241 | D:12     | Noticed a deep elf pyromancer
 12252 | D:12     | Killed a deep elf pyromancer
 12443 | D:12     | Noticed Erolcha
 12453 | D:12     | Killed Erolcha
 13201 | D:12     | Reached XP level 12. HP: 94/94 MP: 26/26
 13394 | D:13     | Noticed a centaur warrior
 13394 | D:13     | Found a gate to the Vaults.
 13454 | D:13     | Noticed a boulder beetle
 13458 | D:13     | Reached skill level 1 in Evocations
 13786 | Lair:1   | Entered Level 1 of the Lair of Beasts
 14161 | Lair:1   | You fall into a shaft and drop 1 floor!
 14161 | Lair:2   | Found a staircase to the Shoals.
 14181 | Lair:2   | Noticed an eight-headed hydra
 14681 | Lair:2   | Killed an eight-headed hydra
 14682 | Lair:2   | Reached skill level 5 in Hexes
 14975 | Lair:1   | Noticed Urug
 14986 | Lair:1   | Killed Urug
 15954 | Lair:3   | Reached skill level 12 in Conjurations
 16129 | Lair:3   | Noticed a catoblepas
 16140 | Lair:3   | Killed a catoblepas
 16172 | Lair:3   | Noticed a four-headed hydra
 16386 | Lair:3   | Killed a four-headed hydra
 16406 | Lair:3   | Noticed Gastronok
 16422 | Lair:3   | Killed Gastronok
 16423 | Lair:3   | Reached XP level 13. HP: 66/104 MP: 2/29
 16652 | Lair:3   | Identified a scroll of acquirement
 16653 | Lair:3   | Acquired the +2 pair of boots of Pandemonium {rCorr MP+9}
 17002 | Lair:3   | Found a staircase to the Snake Pit.
 17542 | Orc:1    | Entered Level 1 of the Orcish Mines
 17543 | Orc:1    | Noticed an orc warlord
 17558 | Orc:1    | Killed an orc warlord
 17753 | Orc:2    | Entered Level 2 of the Orcish Mines
 17753 | Orc:2    | Found Ymavvirgh's Distillery.
 17828 | Orc:2    | Found Symi's Weapon Emporium.
 17896 | Orc:2    | Found Hiamism's Weapon Shoppe.
 17896 | Orc:2    | Found Cuutzuoc's Antique Armour Boutique.
 18089 | Orc:2    | Found Tuosaf's General Store.
 18091 | Orc:2    | Gained mutation: You are weak. (Str -2) [potion of
                  | mutation]
 18100 | Orc:2    | Bought a scroll of identify for 28 gold pieces
 18163 | Orc:2    | Found Ciskaxode's Magic Scroll Shoppe.
 18163 | Orc:2    | Found Noas's Magic Scroll Boutique.
 18350 | Orc:2    | Reached skill level 13 in Conjurations
 18640 | Orc:2    | Found Yjutuel's Magic Scroll Shop.
 18643 | Orc:2    | Found Kuof's Jewellery Boutique.
 18685 | Orc:2    | Found a staircase to the Elven Halls.
 19269 | Lair:4   | Identified the +1 leather armour of the Mango {*Slow rElec
                  | rF++ Regen+}
 19345 | Lair:4   | Found a staircase to the Slime Pits.
 19989 | Lair:5   | Entered Level 5 of the Lair of Beasts
 20081 | Lair:5   | Reached skill level 5 in Evocations
 20224 | Lair:5   | Found a runed translucent door.
 20465 | Lair:5   | Noticed jfcaron's ghost (journeyman GrRe)
 20509 | Lair:5   | Reached XP level 14. HP: 96/114 MP: 3/31
 20704 | Lair:5   | Identified the +1 hand axe "Ibaza" {flame, rF+ rN+}
 21606 | Lair:5   | Identified the +6 scale mail "Renuats" {rElec}
 21697 | Lair:5   | Identified the +5 demon blade of the Delightful God {speed,
                  | Dex+7}
 21845 | Lair:5   | Killed jfcaron's ghost
 22824 | Snake:1  | Entered Level 1 of the Snake Pit
 22972 | Snake:1  | Identified the +4 dagger of Voimufad {vorpal, *Slow rN+++
                  | Str+5}
 23166 | Snake:1  | Reached skill level 14 in Conjurations
 23366 | Snake:1  | Found Komusch's Book Emporium.
 23367 | Snake:1  | Found Fug Wueh's Jewellery Boutique.
 23369 | Snake:1  | Found Idakhlecw's Book Emporium.
 23375 | Snake:1  | Bought a book of Power for 714 gold pieces
 23381 | Snake:1  | Learned a level 5 spell: Iskenderun's Battlesphere
 23389 | Snake:1  | Learned a level 7 spell: Spellforged Servitor
 23449 | Snake:1  | Reached skill level 1 in Summonings
 24159 | Snake:2  | Identified Roxanne's Tome of Forms
 24159 | Snake:2  | Noticed Roxanne
 25195 | D:13     | Found Ilibiuqa's Distillery.
 25490 | D:13     | Upgraded the game from 0.30-a0-373-gd37427bb62 to
                  | 0.30-a0-374-g95c0257040
 25497 | D:13     | Learned a level 6 spell: Iron Shot
 26006 | D:13     | Reached XP level 15. HP: 122/123 MP: 33/33
 26555 | D:14     | Reached skill level 1 in Staves
 26898 | D:14     | Noticed Jorgrun
 26913 | D:14     | Killed Jorgrun
 27743 | D:15     | Entered Level 15 of the Dungeon
 28119 | D:15     | Reached skill level 5 in Summonings
 28354 | D:15     | Found a staircase to the Depths.
 30153 | Snake:2  | Killed Roxanne
 30247 | Snake:2  | Noticed a nagaraja
 30254 | Snake:2  | Killed a nagaraja
 30373 | Shoals:1 | Entered Level 1 of the Shoals
 30396 | Shoals:1 | Found a frozen archway.
 30473 | IceCv    | Entered an ice cave
 30530 | IceCv    | Reached skill level 10 in Spellcasting
 32669 | Shoals:1 | Found Gaschusapt's Magic Scroll Shoppe.
 32677 | Shoals:1 | Bought a scroll of teleportation for 48 gold pieces
 32677 | Shoals:1 | Bought a scroll of enchant weapon for 120 gold pieces
 32677 | Shoals:1 | Bought a scroll of summoning for 152 gold pieces
 32677 | Shoals:1 | Bought a scroll of teleportation for 48 gold pieces
 32814 | Shoals:2 | Reached XP level 16. HP: 105/133 MP: 35/35
 33285 | Shoals:2 | Reached skill level 10 in Dodging
 33571 | Shoals:2 | Found a transporter.
 33573 | Shoals:2 | Found a transporter.
 33575 | Shoals:2 | Noticed Heluore's ghost (adept DsGl)
 33598 | Shoals:2 | Reached skill level 10 in Fighting
 33614 | Shoals:2 | Noticed a kraken
 33630 | Shoals:2 | Killed from afar by a merfolk aquamancer

Illustrated notes

Levels and vault maps discovered:
D:1:      amcnicky_arrival_abandoned_market, layout_basic, st_stairs_12,
          minmay_box_of_dots
D:2:      layout_basic, basic_altar, minmay_liquid_box, uniq_jessica
D:3:      layout_loops_ring, roderic_serpentine_path
D:4:      nicolae_cairo_tiling_large, layout_rooms, lemuel_doored_altar,
          uniq_ijyb, uniq_grinder, uniq_duvessa
D:5:      layout_layer_cave, mainiacjoe_overflow_small_starburst, serial_shops,
          nicolae_inconvenience_store, hangedman_decor_clover_reticule,
          uniq_pikel, uniq_menkaure
D:6:      layout_loops_ring, kennysheep_little_box, jmf_multi_god_temple,
          minmay_temple_entry_glassed_door, minmay_chambers_of_fives
D:7:      layout_rooms
D:8:      layout_basic, tso_metal_star, serial_shops, nicolae_stop_n_shop_2,
          uniq_psyche
D:9:      layout_basic, lair_entry_dummy
D:10:     minmay_skewed_foursquare, layout_irregular_city,
          nicolae_hepliaklqana_hippocampus
D:11:     layout_roguey, serial_demonic, serial_demonic_f, serial_demonic_b,
          serial_demonic_e, serial_demonic_b, serial_demonic_c,
          serial_demonic_g, serial_demonic_b, serial_demonic_a
D:12:     layout_basic, grunt_ministairs_11, uniq_fannar, uniq_azrael,
          uniq_erolcha
D:13:     layout_cave_pools, david_vaults_3, serial_shops, shop, led_sif_pool
D:14:     layout_cross, minmay_staircase_bubble, hangedman_decor_riveting,
          uniq_jorgrun
D:15:     grunt_enter_depths_snipers, layout_cave_pools,
          chequers_serial_rivers_micro_c
Lair:1:   layout_gridlike, grunt_megastairs_1, lemuel_fruit_tree, uniq_urug
Lair:2:   layout_long_grid, minmay_shoals_entry_centaurs, serial_bayou_pond_b
Lair:3:   layout_long_grid, guppyfry_snake_entry_island, beast_lair_carwin_6,
          uniq_gastronok
Lair:4:   layout_hall_layers, slime_entry_1
Lair:5:   evilmike_catoblepas_cave, layout_cave_pods,
          ebering_ghost_reflecting_pool, chequers_serial_rivers_room_b,
          grunt_forest_large_clearings
Shoals:1: layout_shoals, portal_ice_cave_entry_ice_statue_one, serial_shops,
          shop
Shoals:2: layout_shoals, ebering_ghost_davey_jones,
          nicolae_shoals_aquamancer_cove
Snake:1:  layout_onion, minmay_shop_grove
Snake:2:  layout_basic, nicolae_snake_coiling_death, uniq_roxanne
Snake:3:  layout_honeycomb, serial_shops, nicolae_stop_n_shop_2, basic_altar,
          nicolae_snake_gridmaze_spiral
Orc:1:    layout_diamond_mine, serial_shops,
          nicolae_shop_temple_entry_statues_fountains, uniq_snorg
Orc:2:    st_orc_town, layout_diamond_mine, serial_shops, shop,
          nicolae_shop_bloodbath_and_beyond, shop, shop,
          nicolae_shop_advertising_works [nicolae_subvault_shop_adworks]

Skill      XL: |  1  2  3  4  5  6  7  8  9 10 11 12 13 14 15 16 |
---------------+-------------------------------------------------+-----
Translocations | 1 2 4 5 7 8 9 10 | 10.4
Spellcasting   | 2 3 4 5 6 7 8 9 10 | 10.3
Conjurations   | 4 5 6 8 9 10 11 12 13 14 | 14.9
Dodging        | 3 4 5 6 7 9 10 | 10.0
Fighting       | 3 4 5 6 7 8 9 10 | 10.0
Hexes          | 2 4 5 7 |  7.6
Evocations     | 3 5 6 8 |  8.2
Summonings     | 4 7 |  7.6
Staves         | 3 4 |  4.3
Stealth        | |  1.7

Action                   |  1- 3 |  4- 6 |  7- 9 | 10-12 | 13-15 | 16-18 || total
-------------------------+-------+-------+-------+-------+-------+-------++-------
Melee: Dagger            |       |       |    16 |       |       |       ||    16
       Whip              |       |       |    35 |    86 |    41 |       ||   162
       Punch             |       |       |       |       |     1 |       ||     1
       Staff             |       |       |       |       |    16 |       ||    16
 Cast: Magic Dart        |    90 |    31 |    41 |       |    22 |    30 ||   214
       Searing Ray       |       |    11 |    11 |       |       |       ||    22
       Iskenderun's Myst |       |       |    58 |   175 |   545 |    35 ||   813
       Fulminant Prism   |       |       |     2 |    48 |    25 |     2 ||    77
       Iskenderun's Batt |       |       |       |       |    35 |     8 ||    43
       Spellforged Servi |       |       |       |       |     3 |     3 ||     6
Evoke: Wand              |       |     1 |       |     3 |     4 |       ||     8
  Use: Scroll            |     5 |       |     4 |     8 |    10 |     3 ||    30
       Potion            |       |       |     3 |     6 |     4 |       ||    13
Armor: Leather armour    |     1 |     8 |    50 |    35 |    63 |       ||   157
       Robe              |     1 |       |       |    25 |    49 |     4 ||    79
Dodge: Dodged            |     3 |    10 |    64 |   140 |   348 |    13 ||   578
Block: Buckler           |       |       |       |       |     2 |     2 ||     4

Table legend: (Time is in decaauts)
 A = Elapsed time spent in this place.
 B = Non-inter-level travel time spent in this place.
 C = Inter-level travel time spent in this place.
 D = Time resting spent in this place.
 E = Time spent auto-exploring this place.
 F = Levels seen in this place.
 G = Mean time per level.
                   A        B        C        D        E       F      G
               +--------+--------+--------+--------+--------+-----+--------+
         Total |  33798 |  30950 |   2848 |   7372 |  19142 |  28 | 1207.1 |
       Dungeon |  18542 |  16756 |   1786 |   3101 |  11593 |  15 | 1236.1 |
          Lair |   7177 |   6397 |    780 |   1309 |   4307 |   5 | 1435.4 |
        Shoals |   2202 |   2167 |     35 |    886 |    801 |   2 | 1101.0 |
     Snake Pit |   3387 |   3188 |    199 |   1004 |   1680 |   3 | 1129.0 |
  Orcish Mines |   1339 |   1292 |     47 |    388 |    675 |   2 |  669.5 |
      Ice Cave |   1149 |   1149 |      0 |    684 |     85 |   1 | 1149.0 |
               +--------+--------+--------+--------+--------+-----+--------+

Top non-repeatable levels by time:
    D:12: 2893 daAuts
 Snake:2: 1957 daAuts
  Lair:5: 1955 daAuts
  Lair:2: 1750 daAuts
Shoals:1: 1549 daAuts
    D:10: 1489 daAuts
     D:5: 1444 daAuts
 Snake:1: 1416 daAuts
     D:6: 1395 daAuts
    D:11: 1388 daAuts
     D:9: 1373 daAuts
  Lair:1: 1266 daAuts
    D:13: 1189 daAuts
  Lair:3: 1185 daAuts
   IceCv: 1149 daAuts
